 Dungeon Crawl Stone Soup version 0.29-a0-1016-g236c7fd91e (webtiles) character file.

Game seed: 10452210020095373940

133 jlumianski the Chopper (level 4, 0/40 HPs)
             Began as a Demonspawn Gladiator on Aug 10, 2022.
             Succumbed to an adder's poison
             ... on level 4 of the Dungeon.
             The game lasted 00:11:10 (3753 turns).

jlumianski the Chopper (Demonspawn Gladiator)       Turns: 3753, Time: 00:11:11

Health: 0/40       AC:  9    Str: 16    XL:     4   Next: 94%
Magic:  7/7        EV: 12    Int: 11    God:
Gold:   46         SH:  0    Dex: 17    Spells: 6/7 levels left

rFire   x . .      SeeInvis .   a - +0 war axe
rCold   . . .      Faith    .   (no shield)
rNeg    . . .      Spirit   .   o - +0 ring mail of Geruc {rElec rF- Int+2 Dex+2}
rPois   .          Reflect  .   c - +0 helmet
rElec   +          Harm     .   (no cloak)
rCorr   .          Rampage  .   (no gloves)
Will    .....                   (no boots)
Stlth   +.........              (no amulet)
HPRegen 0.13/turn               (no ring)
MPRegen 0.10/turn               (no ring)

@: lethally poisoned (0 -> -5)
A: thin metallic scales 2, demonic magic 1, robust 2
a: no special abilities


You were on level 4 of the Dungeon.
You visited 1 branch of the dungeon, and saw 4 of its levels.

You collected 142 gold pieces.
You spent 96 gold pieces at shops.

Inventory:

Hand Weapons
 a - a +0 war axe (weapon)
Missiles
 d - 3 throwing nets (quivered)
 e - a javelin
Armour
 b - a +0 leather armour
 c - a +0 helmet (worn)
 h - a +1 hat
 m - a +0 ring mail
 o - the +0 ring mail of Geruc (worn) {rElec rF- Int+2 Dex+2}
   (You found it on level 2 of the Dungeon)

   Int:       It affects your intelligence (+2).
   Dex:       It affects your dexterity (+2).
   rF:        It makes you vulnerable to fire.
   rElec:     It insulates you from electricity.
Magical Staves
 v - a staff of air
Scrolls
 g - a scroll of enchant weapon {unknown}
 k - 2 scrolls of blinking
 l - a scroll of vulnerability
 p - a scroll of summoning {unknown}
 r - a scroll of amnesia {unknown}
Potions
 f - 4 potions of resistance
 i - a potion of magic
 j - a potion of mutation
 s - a potion of curing {unknown}
 t - a potion of attraction {unknown}
 u - a potion of invisibility {unknown}


   Skills:
 * Level 2.5 Fighting
 + Level 3.5 Axes
 + Level 1.8 Throwing
 + Level 0.9 Armour
 + Level 3.1 Dodging
 * Level 2.2 Spellcasting
 * Level 0.5 Ice Magic


You had 6 spell levels left.
You knew the following spells:

 Your Spells              Type           Power      Damage    Failure   Level
a - Freeze                Ice            8%         1d3       41%         1

Your spell library contained the following spells:

 Spells                   Type           Power      Damage    Failure   Level
 Summon Small Mammal      Summ           4%         N/A       50%         1
 Frozen Ramparts          Ice            4%         1d1       78%         3
 Call Canine Familiar     Summ           1%         N/A       86%         3
 Summon Guardian Golem    Hex/Summ       1%         N/A       86%         3
 Hailstorm                Conj/Ice       1%         3d3       99%         4


Dungeon Overview and Level Annotations

Branches:
Dungeon (4/15)
 Temple: D:4-7

Altars:

Shops:
D:1 [?!

Annotations:
D:3 Robin, Sigmund


Innate Abilities, Weirdness & Mutations

You are mostly covered in thin metallic scales. (AC +3)
Spells you cast may paralyse adjacent enemies.
You are very robust. (+20% HP)


Message History

You hit the jelly but do no damage.
Your hands burn!
The jelly barely misses you. The jelly hits you. The acid corrodes you!
You are splashed with acid!
You hit the jelly.
Your hands burn!
The jelly is lightly wounded.
The jelly hits you but does no damage.
You hit the jelly.
Your hands burn!
The jelly is heavily wounded.
The jelly hits you but does no damage.
Casting: Freeze (safe; 41% risk of failure)
Confirm with . or Enter, or press ? or * to list all spells.
Aiming: Freeze (safe; 41% risk of failure)
Press: ? - help, Shift-Dir - straight line, f - jelly
Aim: a jelly (heavily wounded)
You freeze the jelly.
The jelly is heavily wounded.
Malevolent energies surge around you. The jelly hits you.
* * * LOW HITPOINT WARNING * * *
You are splashed with acid!
* * * LOW HITPOINT WARNING * * *
Blink to where?
Press: ? - help, Dir - move target, p - jelly An adder comes into view.
As you read the scroll of blinking, it crumbles to dust.
The adder hisses angrily.
You closely miss the adder. The adder closely misses you.
The adder attacks as you move away! The adder closely misses you.
The adder bites you but does no damage. The adder misses you.
You hit the adder.
The adder is heavily wounded.
The adder bites you.
* * * LOW HITPOINT WARNING * * *
You are lethally poisoned!
The adder poisons you!
The jelly jiggles.
Your magical effects are unravelling.
You feel magically purged.
You are no longer corroded.
You die...

# #.######
#..@SJ.# #
######.##.#
#.......#
#.......#
#.......#
#.......#
#.......#
#.......#
####.##.#


You could see a jelly and an adder.

Vanquished Creatures
  2 adders
  4 gnolls (D:3)
  A worm (D:2)
  7 ball pythons
  6 bats
  5 endoplasms
  8 goblins
  7 hobgoblins
  5 jackals
  7 kobolds
  2 quokkas (D:1)
  2 frilled lizards
  13 rats
69 creatures vanquished.

Vanquished Creatures (others)
  4 fungi (D:3)
4 creatures vanquished.

Grand Total: 73 creatures vanquished

Notes
Turn   | Place    | Note
-------+----------+-------------------------------------------
     0 | D:1      | jlumianski the Demonspawn Gladiator began the quest for the
                  | Orb.
     0 | D:1      | Reached XP level 1. HP: 16/16 MP: 1/1
   220 | D:1      | Gained mutation: You are partially covered in thin metallic
                  | scales. (AC +2) [demonic ancestry]
   220 | D:1      | Reached XP level 2. HP: 21/22 MP: 2/2
   293 | D:1      | Learned a level 1 spell: Freeze
   402 | D:1      | Found a faded altar of an unknown god.
   469 | D:1      | Found Maxiuj's Distillery.
   927 | D:1      | Found Gemuudeorr's Magic Scroll Emporium.
   933 | D:1      | Bought a scroll of identify for 24 gold pieces
  1148 | D:1      | Gained mutation: You are mostly covered in thin metallic
                  | scales. (AC +3) [demonic ancestry]
  1148 | D:1      | Reached XP level 3. HP: 27/27 MP: 4/4
  1174 | D:1      | Found Roruq's Armour Emporium.
  1343 | D:2      | Reached skill level 1 in Spellcasting
  1379 | D:2      | Identified the +0 ring mail of Geruc {rElec rF- Int+2
                  | Dex+2}
  2505 | D:1      | Bought a scroll of identify for 24 gold pieces
  2505 | D:1      | Bought a scroll of identify for 24 gold pieces
  2505 | D:1      | Bought a scroll of identify for 24 gold pieces
  2508 | D:1      | Gained mutation: You are robust. (+10% HP) [potion of
                  | mutation]
  2508 | D:1      | Gained mutation: You are very robust. (+20% HP) [potion of
                  | mutation]
  2810 | D:3      | Gained mutation: Spells you cast may paralyse adjacent
                  | enemies. [demonic ancestry]
  2810 | D:3      | Reached XP level 4. HP: 40/40 MP: 6/6
  2859 | D:3      | Noticed Sigmund
  2871 | D:3      | Noticed Robin
  3752 | D:4      | HP: 2/40 [adder (2)]
  3753 | D:4      | Succumbed to an adder's poison

Illustrated notes

Levels and vault maps discovered:
D:1:      dpeg_arrival_ratfight, layout_loops_cross, serial_shops,
          nicolae_lakefront_shop, nicolae_shop_stone, shop,
          hellmonk_ecumenical_altar_inner_sanctum, st_stairs_11,
          patterned_corridor
D:2:      layout_loops_corners, basic_altar, kennysheep_boxes
D:3:      minmay_octagon_keep, layout_rooms, nicolae_titane, uniq_robin,
          uniq_sigmund, uniq_jessica, uniq_crazy_yiuf_cottage
D:4:      layout_basic

Skill      XL: |  1  2  3  4 |
---------------+-------------+-----
Axes           | 3 |  3.5
Spellcasting   | 1 2 |  2.2
Dodging        | 3 |  3.1
Fighting       | |  2.5
Throwing       | |  1.8
Armour         | |  0.9
Ice Magic      | |  0.5

Action                   |  1- 3 |  4- 6 || total
-------------------------+-------+-------++-------
Melee: War axe           |   145 |    49 ||   194
 Cast: Freeze            |       |     1 ||     1
  Use: Scroll            |     6 |     2 ||     8
       Potion            |     2 |     2 ||     4
 Stab: Sleeping          |     1 |       ||     1
Armor: Leather armour    |    28 |       ||    28
       Ring mail         |    39 |    31 ||    70
Dodge: Dodged            |   108 |    50 ||   158

Table legend: (Time is in decaauts)
 A = Elapsed time spent in this place.
 B = Non-inter-level travel time spent in this place.
 C = Inter-level travel time spent in this place.
 D = Time resting spent in this place.
 E = Time spent auto-exploring this place.
 F = Levels seen in this place.
 G = Mean time per level.
                   A        B        C        D        E       F      G
               +--------+--------+--------+--------+--------+-----+--------+
         Total |   3835 |   3720 |    115 |    789 |   1842 |   4 |  958.8 |
       Dungeon |   3835 |   3720 |    115 |    789 |   1842 |   4 |  958.8 |
               +--------+--------+--------+--------+--------+-----+--------+

Top non-repeatable levels by time:
     D:2: 1486 daAuts
     D:1: 1322 daAuts
     D:3: 943 daAuts
     D:4: 83 daAuts
